 Dungeon Crawl Stone Soup version 0.24.1-11-gbbbb2193e6 (webtiles) character file.

Game seed: 11631405093381013509, levelgen mode: deterministic

138980 Mrkan the Severer (level 16, -7/152 HPs)
             Began as a Minotaur Berserker on May 14, 2020.
             Was a High Priest of Trog.
             Drowned by a drowned soul (16 damage)
             ... summoned by a merfolk avatar
             ... on level 3 of the Shoals.
             The game lasted 01:23:19 (36426 turns).

Mrkan the Severer (Minotaur Berserker)             Turns: 36426, Time: 01:23:20

Health: -7/152     AC: 25    Str: 24    XL:     16   Next: 72%
Magic:  5/5        EV: 15    Int:  7    God:    Trog [*****.]
Gold:   2738       SH: 30    Dex: 12    Spells: 15/15 levels left

rFire    + . .     SeeInvis .   r - +8 broad axe (antimagic)
rCold    + . .     Gourm    .   C - +6 large shield
rNeg     . . .     Faith    .   l - +4 plate armour {rC+}
rPois    .         Spirit   .   (helmet restricted)
rElec    .         Reflect  +   a - +0 cloak
rCorr    .         Harm     .   (no gloves)
MR       +++..                  T - +0 pair of boots {Stlth+}
Stlth    ..........             F - +3 amulet of reflection
HPRegen  1.35/turn              t - ring of protection from fire
MPRegen  0.09/turn              W - +4 ring of evasion

@: about to teleport, mesmerised, regenerating, very slow
A: retaliatory headbutt, horns 2
a: Berserk, Trog's Hand, Brothers in Arms, Renounce Religion


You were on level 3 of the Shoals.
You worshipped Trog.
Trog was extremely pleased with you.
You were very hungry.

You visited 5 branches of the dungeon, and saw 28 of its levels.
You also visited: Sewer and Volcano.

You collected 2738 gold pieces.

Inventory:

Hand Weapons
 f - the +2 battleaxe of the Silent Majority {protect, *Contam +Fly rC+ Dex+4, unknown}
   (Trog gifted it to you on level 15 of the Dungeon)

   It grants its wielder temporary protection when it strikes (+7 to AC).
   It affects your dexterity (+4).
   It protects you from cold.
   It lets you fly.
   It causes magical contamination when unequipped.
 r - a +8 antimagic broad axe (weapon)
 S - a +0 broad axe of flaming
Missiles
 m - 87 poisoned darts (quivered)
Armour
 a - a +0 cloak (worn)
 l - a +4 plate armour of cold resistance (worn)
 C - a +6 large shield (worn)
 T - a +0 pair of boots of stealth (worn)
Jewellery
 t - a ring of protection from fire (left hand)
 u - an uncursed ring of protection from cold
 F - a +3 amulet of reflection (around neck)
 M - an uncursed ring of fire
 W - a +4 ring of evasion (right hand)
 X - an uncursed ring of positive energy
Wands
 b - a wand of iceblast (37)
 n - a wand of paralysis (25)
 q - a wand of acid (35)
 z - a wand of flame (16)
 Q - a wand of disintegration (25)
Scrolls
 e - 15 scrolls of remove curse
 g - 5 scrolls of identify
 h - a scroll of vulnerability {unknown}
 i - a scroll of enchant weapon
 o - 2 scrolls of fog
 p - 2 scrolls of fear
 v - 4 scrolls of blinking
 w - 9 scrolls of magic mapping
 y - 9 scrolls of teleportation
 U - 3 scrolls of immolation
Potions
 d - 14 potions of curing
 j - 4 potions of invisibility
 k - 3 potions of mutation
 s - a potion of brilliance
 x - 2 potions of might
 B - a potion of magic
 D - 4 potions of haste
 I - 7 potions of lignification
 J - 3 potions of flight
 L - 2 potions of cancellation {unknown}
 O - 2 potions of berserk rage
 P - 3 potions of agility
 Y - a potion of ambrosia {unknown}
 Z - a potion of resistance {unknown}
Comestibles
 c - 38 rations
 A - 3 chunks of flesh


   Skills:
 + Level 16.4 Fighting
 - Level 18.0 Axes
 + Level 16.9 Armour
 - Level 10.0 Dodging
 * Level 16.5 Shields


You had 15 spell levels left.
You didn't know any spells.
Your spell library was empty.

Dungeon Overview and Level Annotations

Branches:
Dungeon (15/15)            Temple (0/1) D:7            Lair (6/6) D:8
 Shoals (3/4) Lair:2        Snake (2/4) Lair:4        Slime (0/5) Lair:5
    Orc (2/2) D:12            Elf (0/3) Orc:2        Vaults (0/5) D:13
 Depths (0/5) D:15          Sewer (visited)         Volcano (visited)

Altars:
Ashenzari
Cheibriados
Makhleb
Nemelex Xobeh
Okawaru
Qazlal
Ru
Uskayaw
Vehumet
Wu Jian
Zin
The Shining One
Jiyva

Shops:
D:4 !   D:7 %   D:12 ([   Orc:2 (=((   Shoals:3 *

Annotations:
D:6 2 transporters, raetorn's ghost, novice OpWz
Lair:2 1 runed translucent door, Saltbearer's ghost, journeyman DsVM
Lair:3 1 runed translucent door, Ydag's ghost, journeyman DEFE
Lair:5 1 runed translucent door


Innate Abilities, Weirdness & Mutations

You reflexively headbutt those who attack you in melee.
You have a pair of horns on your head.


Message History

The pull of its song draws you forwards.
You block the drowned soul's attack.
The merfolk avatar chants its luring song. x2
The drowned soul touches you. The drowned soul drowns you!
* * * LOW HITPOINT WARNING * * *
You feel better. You block the drowned soul's attack.
The merfolk avatar chants its luring song.
Your ogre rages.
The merfolk avatar chants its luring song.
The drowned soul touches you. The drowned soul drowns you!
* * * LOW HITPOINT WARNING * * *
Blink to where?
Press: ? - help, Dir - move target cursor, p - merfolk avatar
Okay, then.
As you read the scroll of teleportation, it crumbles to dust.
You feel strangely unstable.
The pull of its song draws you forwards.
Your ogre hits the drowned soul with a +0 giant club!
The drowned soul touches you. The drowned soul drowns you!
You die...

≈≈≈P≈≈PP≈≈≈≈≈...))../≈≈≈≈≈
≈≈≈≈P≈≈≈P..≈≈....)...≈≈≈≈≈
≈≈≈P≈P≈≈≈≈..≈..<†...≈≈≈≈≈≈
≈≈P≈P≈P≈≈≈≈≈≈≈†....≈≈≈≈≈≈
(.≈≈≈≈≈≈≈≈≈≈≈≈≈....≈≈≈≈≈≈
#.≈≈P≈≈≈≈m≈≈≈≈.≈≈≈≈≈≈≈
≈..##...≈≈≈≈≈≈≈≈≈≈≈≈≈≈≈≈≈≈
≈≈....≈≈≈O≈≈≈≈≈≈≈≈≈≈≈≈≈≈≈≈
≈≈≈.≈≈≈≈≈@≈≈W≈≈≈≈≈≈≈≈≈≈≈≈≈
≈≈≈≈..≈≈≈(≈≈≈≈≈≈≈≈≈≈≈≈≈≈≈≈
≈≈≈.###≈≈W≈≈≈≈≈≈≈≈≈≈≈≈≈≈≈
≈≈≈ #≈(≈≈≈≈≈≈≈≈≈≈≈≈≈≈≈ ≈≈
.≈≈m≈≈≈≈≈≈≈≈≈≈≈≈≈ ≈
≈≈≈≈≈≈≈≈≈≈≈≈≈≈≈≈≈≈
≈≈≈≈≈≈≈≈≈≈≈≈≈≈≈≈≈≈≈
≈≈≈≈≈≈≈≈≈≈≈≈≈≈≈≈≈≈≈≈


You could see 2 merfolk avatars, 2 drowned souls and a friendly ogre (berserk).

Vanquished Creatures
  Donald (Shoals:1)
  Louise (D:14)
  Aizul (Shoals:1)
  An emperor scorpion (D:15)
  2 stone giants (Orc:2)
  A dire elephant (D:15)
  A merfolk impaler (Shoals:2)
  Snorg (D:14)
  Josephine (Orc:1)
  2 vault guards (D:13)
  4 hydras
  A death knight (D:11)
  3 merfolk aquamancers
  4 centaur warriors
  A naga warrior (Snake:1)
  A merfolk avatar (Shoals:1)
  An ogre mage (Orc:2)
  An anaconda (Snake:1)
  6 catoblepae
  5 death yaks (Lair:6)
  5 two-headed ogres
  An orc high priest (Orc:1)
  A hell hog (Volcano)
  2 naga sharpshooters (Snake:1)
  10 sea snakes
  A fire crab (Volcano)
  An unseen horror (D:11)
  3 wizards
  5 harpies (Shoals:1)
  A phantasmal warrior (D:11)
  3 orc knights
  A wolf spider zombie (D:14)
  7 cyclopes
  15 ugly things
  2 deep elf magi
  A necromancer (D:13)
  7 manticores
  2 orc sorcerers
  3 mana vipers (Snake:1)
  5 fauns
  A centaur zombie (D:13)
  A salamander (Snake:1)
  18 elephants
  A torpor snail (Lair:6)
  6 black mambas
  2 water nymphs
  2 merfolk sirens
  2 molten gargoyles
  A guardian serpent (Snake:1)
  2 naga magi
  6 gargoyles
  4 spiny frogs
  An efreet (D:15)
  A rime drake (Lair:5)
  A freezing wraith (D:14)
  9 komodo dragons
  A rime drake (shapeshifter) (D:13)
  2 tengu conjurers (D:15)
  12 trolls
  A polar bear (Lair:6)
  15 merfolk
  3 meliai (D:14)
  2 wind drakes
  2 hornets
  18 blink frogs
  5 snapping turtles
  4 dream sheep
  9 hippogriffs
  6 water elementals
  4 shadows
  3 wyverns
  A vampire (D:11)
  A fire elemental (D:13)
  7 wraiths
  2 basilisks
  5 fire bats (Volcano)
  2 hungry ghosts
  19 humans (D:13)
  39 yaks
  8 vampire mosquitoes
  3 steam dragons
  3 soldier ants
  5 nagas (Snake:1)
  2 wargs (Orc:1)
  An acid dragon (D:13)
  A soldier ant (shapeshifter) (D:15)
  6 water moccasins
  7 porcupines
  A hell hound (Volcano)
  30 orc warriors
  4 ice beasts
  5 sky beasts
  2 eyes of draining (D:10)
  2 black bears
  A necrophage (D:9)
  A phantom (D:6)
  6 wolves (Lair:1)
  16 ogres
  19 crocodiles
  14 centaurs
  A big kobold (D:9)
  20 bullfrogs
  4 scorpions
  22 killer bees
  3 spriggan skeletons (D:11)
  6 wights
  A troll skeleton (D:11)
  3 electric eels
  8 lava snakes
  9 crimson imps
  4 jellies
  2 bullfrog zombies
  A bullfrog skeleton (D:12)
  19 orc priests
  9 hounds
  5 iguanas
  28 orc wizards
  7 centaur skeletons
  A gnoll shaman (Orc:1)
  Jessica (D:6)
  8 worker ants
  2 hound zombies
  21 adders
  12 gnolls
  A river rat (D:5)
  6 shadow imps
  An ooze (D:2)
  3 adder skeletons
  4 worms
  3 dart slugs
  5 leopard geckos
  91 orcs
  7 bats
  5 giant cockroaches
  3 goblins
  8 hobgoblins
  17 jackals
  2 quokkas
  4 ball pythons
  6 frilled lizards
  26 kobolds
  2 leopard gecko skeletons
  A quokka skeleton (D:8)
  7 rats
  8 fungi
  10 plants
890 creatures vanquished.

Vanquished Creatures (collateral kills)
  3 ogre magi (Orc:2)
  A hydra (Lair:1)
  A merfolk avatar (Shoals:1)
  9 two-headed ogres (Orc:2)
  A phantasmal warrior (D:11)
  A merfolk siren (Shoals:1)
  An elephant (Lair:3)
  2 merfolk (Shoals:1)
  A snapping turtle (Shoals:1)
  A water moccasin (Lair:4)
  An orc warrior (Orc:1)
  15 ogres (Orc:2)
37 creatures vanquished.

Vanquished Creatures (others)
  Nessos (D:14)
  A merfolk aquamancer (Shoals:1)
  2 naga sharpshooters (Snake:1)
  Sonja (D:11)
  A sea snake (Shoals:3)
  A faun (Shoals:1)
  2 manticores
  A cyclops (D:14)
  A naga mage (Snake:1)
  4 centaurs
  An orc wizard (D:13)
  An orc (Orc:1)
  A kobold (D:11)
  2 fungi
  4 plants
24 creatures vanquished.

Grand Total: 951 creatures vanquished

Notes
Turn   | Place    | Note
-------+----------+-------------------------------------------
     0 | D:1      | Mrkan the Minotaur Berserker began the quest for the Orb.
     0 | D:1      | Reached XP level 1. HP: 19/19 MP: 0/0
   304 | D:1      | Reached skill level 4 in Axes
   308 | D:1      | Reached XP level 2. HP: 26/27 MP: 1/1
   814 | D:1      | Reached XP level 3. HP: 31/33 MP: 2/2
   945 | D:2      | Reached ** piety under Trog
  1251 | D:2      | You fall into a shaft and drop 1 floor!
  1419 | D:3      | Found a radiant altar of Vehumet.
  1427 | D:3      | Reached skill level 5 in Axes
  1427 | D:3      | Reached XP level 4. HP: 33/40 MP: 3/3
  2000 | D:3      | Reached XP level 5. HP: 42/47 MP: 4/4
  2421 | D:4      | Found Qeucwean's Distillery.
  2502 | D:4      | Reached skill level 1 in Shields
  2510 | D:4      | Reached skill level 6 in Axes
  2602 | D:4      | Reached *** piety under Trog
  2612 | D:4      | Reached skill level 5 in Fighting
  2612 | D:4      | Reached XP level 6. HP: 31/56 MP: 5/5
  3283 | D:4      | Got a crystal mace
  3285 | D:4      | Identified the cursed +3 mace of Satie {freeze, rF+ Str+3
                  | Int-2} (You found it on level 4 of the Dungeon)
  3328 | D:5      | Entered Level 5 of the Dungeon
  3616 | D:5      | Reached skill level 7 in Axes
  3621 | D:5      | Found a glowing drain.
  3629 | Sewer    | Entered a sewer
  3641 | Sewer    | Reached XP level 7. HP: 55/61 MP: 6/6
  4337 | D:5      | Found a burning altar of Makhleb.
  4337 | D:5      | Found a stormy altar of Qazlal.
  4339 | D:5      | Found a glowing golden altar of the Shining One.
  4339 | D:5      | Found an ornate altar of the Wu Jian Council.
  4374 | D:5      | Found a snail-covered altar of Cheibriados.
  5023 | D:5      | Got a scorched long sword
  5024 | D:5      | Identified the +7 long sword of the Modern Friends {freeze,
                  | Dex+4} (You found it on level 5 of the Dungeon)
  5097 | D:6      | Found a sparkling altar of Nemelex Xobeh.
  5097 | D:6      | Noticed Jessica
  5102 | D:6      | Killed Jessica
  5147 | D:6      | Reached **** piety under Trog
  5149 | D:6      | Reached skill level 5 in Shields
  5297 | D:6      | Identified the cursed +1 trident "Bunni" {pain, Int+4}
  5297 | D:6      | Identified the +3 ring mail of Trog's Scorn {rPois MR+
                  | Str+2 Dex+4}
  5297 | D:6      | Identified the +3 buckler of Wasted Space {Dex+2 Slay+2}
  5359 | D:6      | Found a transporter.
  5365 | D:6      | Found a transporter.
  5368 | D:6      | Noticed raetorn's ghost (novice OpWz)
  5503 | D:6      | Found a sparkling altar of Nemelex Xobeh.
  5552 | D:7      | Found Ciduamm's Food Shop.
  5552 | D:7      | Found a staircase to the Ecumenical Temple.
  5574 | D:7      | Reached skill level 8 in Axes
  5574 | D:7      | Reached XP level 8. HP: 17/70 MP: 7/7
  5841 | D:7      | Found an iron altar of Okawaru.
  6041 | D:7      | Reached skill level 9 in Axes
  6064 | D:7      | Noticed a hippogriff
  6074 | D:7      | Killed a hippogriff
  6254 | D:7      | Found a hide-covered altar of Uskayaw.
  6272 | D:7      | Got a smelly scale mail
  6273 | D:7      | Identified the +1 scale mail of Hospitality {Regen+ Str-4
                  | Int+2 Dex+2} (You found it on level 7 of the Dungeon)
  6445 | D:8      | Found a staircase to the Lair.
  6536 | D:8      | Reached XP level 9. HP: 54/79 MP: 8/8
  6702 | D:8      | Reached skill level 10 in Axes
  7289 | D:8      | HP: 4/81 [poisoned by a killer bee]
  7295 | D:8      | HP: 3/81 [poisoned by a killer bee]
  7301 | D:8      | HP: 2/81 [poisoned by a killer bee]
  7309 | D:8      | HP: 2/81 [poisoned by a killer bee]
  8421 | D:9      | Reached skill level 11 in Axes
  8447 | D:9      | Reached skill level 10 in Shields
  8606 | D:9      | Reached XP level 10. HP: 68/90 MP: 9/9
  8673 | D:9      | Reached ***** piety under Trog
  8848 | D:9      | Found a snail-covered altar of Cheibriados.
  9041 | D:10     | Entered Level 10 of the Dungeon
  9250 | D:9      | Reached skill level 12 in Axes
  9745 | D:10     | Found a glowing silver altar of Zin.
 10484 | Lair:1   | Entered Level 1 of the Lair of Beasts
 10688 | Lair:1   | Noticed a four-headed hydra
 10701 | Lair:1   | Killed a four-headed hydra
 10813 | Lair:1   | Noticed a catoblepas
 10871 | Lair:1   | HP: 3/91 [catoblepas (2)]
 10876 | Lair:1   | Killed a catoblepas
 10876 | Lair:1   | Reached skill level 13 in Axes
 10964 | Lair:1   | Reached XP level 11. HP: 30/99 MP: 10/10
 11689 | Lair:1   | Reached skill level 10 in Fighting
 12189 | Lair:2   | Found a staircase to the Shoals.
 12335 | Lair:2   | Reached skill level 5 in Armour
 13169 | Lair:2   | Noticed Saltbearer's ghost (journeyman DsVM)
 13872 | Lair:2   | Found a runed translucent door.
 14098 | Lair:3   | Found a runed translucent door.
 14100 | Lair:3   | Noticed Ydag's ghost (journeyman DEFE)
 15530 | Lair:4   | Reached XP level 12. HP: 93/110 MP: 11/11
 15674 | Lair:4   | Reached skill level 10 in Armour
 16056 | Lair:4   | Found a staircase to the Snake Pit.
 16270 | Lair:4   | Noticed a six-headed hydra
 16285 | Lair:4   | Killed a seven-headed hydra
 16358 | Lair:4   | Noticed a catoblepas
 16389 | Lair:4   | Killed a catoblepas
 17510 | Lair:5   | Found a runed translucent door.
 17510 | Lair:5   | Found a viscous altar of Jiyva.
 17530 | Lair:5   | Found a staircase to the Slime Pits.
 18190 | Lair:6   | Entered Level 6 of the Lair of Beasts
 18213 | Lair:6   | Found a dark tunnel.
 18361 | Volcano  | Entered a volcano
 18666 | Volcano  | Found a bloodstained altar of Trog.
 18666 | Volcano  | Noticed a hell hog
 18683 | Volcano  | Killed a hell hog
 18939 | Volcano  | Reached XP level 13. HP: 119/119 MP: 12/12
 19510 | Lair:6   | Received a gift from Trog
 20448 | Lair:6   | Reached skill level 15 in Shields
 21765 | D:11     | Noticed Sonja
 21773 | D:11     | Paralysed by Sonja for 2 turns
 21780 | D:11     | Killed Sonja
 22698 | D:12     | Reached XP level 14. HP: 130/130 MP: 13/13
 22999 | D:12     | Found Imaom's Armour Boutique.
 23000 | D:12     | Found a staircase to the Orcish Mines.
 23027 | D:12     | Found Utuc's Weapon Boutique.
 23081 | D:12     | Reached skill level 5 in Dodging
 23304 | D:12     | Found a sacrificial altar of Ru.
 23602 | Orc:1    | Entered Level 1 of the Orcish Mines
 23628 | Orc:1    | Received a gift from Trog
 23848 | Orc:1    | Noticed Josephine
 23856 | Orc:1    | Killed Josephine
 23856 | Orc:1    | Reached skill level 14 in Axes
 24070 | Orc:2    | Entered Level 2 of the Orcish Mines
 24275 | Orc:2    | Noticed a stone giant
 24298 | Orc:2    | Killed a stone giant
 24565 | Orc:2    | Found a staircase to the Elven Halls.
 24644 | Orc:2    | Noticed a stone giant
 24664 | Orc:2    | Killed a stone giant
 24670 | Orc:2    | Received a gift from Trog
 24672 | Orc:2    | HP: 6/199 [orc priest/divine providence (12)]
 25155 | Orc:2    | Reached skill level 15 in Armour
 25310 | Orc:2    | Found Innu's Jewellery Boutique.
 25310 | Orc:2    | Found Wigosik's Antique Weapon Emporium.
 25311 | Orc:2    | Found Calinas's Weapon Shoppe.
 25311 | Orc:2    | Found Duiqu's Antique Weapon Boutique.
 25810 | Orc:1    | Received a gift from Trog
 26254 | Orc:1    | Reached skill level 15 in Axes
 26931 | D:14     | Noticed Snorg
 26932 | D:14     | Paralysed by a wizard for 2 turns
 26955 | D:14     | Killed Snorg
 27665 | D:13     | Reached XP level 15. HP: 127/139 MP: 14/14
 28096 | D:13     | Received a gift from Trog
 28137 | D:13     | Found a gate to the Vaults.
 28152 | D:13     | Reached skill level 15 in Fighting
 29527 | D:14     | Reached skill level 16 in Axes
 29611 | D:14     | Noticed Louise
 29623 | D:14     | Killed Louise
 29623 | D:14     | Reached skill level 10 in Dodging
 29857 | D:14     | Noticed Nessos
 29864 | D:14     | Killed Nessos
 30023 | D:15     | Entered Level 15 of the Dungeon
 30079 | D:15     | Received a gift from Trog
 30085 | D:15     | Got a brightly glowing battleaxe {god gift}
 30282 | D:15     | Found a shattered altar of Ashenzari.
 31335 | D:15     | Found a staircase to the Depths.
 32537 | Snake:1  | Entered Level 1 of the Snake Pit
 32685 | Snake:1  | Reached XP level 16. HP: 51/150 MP: 15/15
 32695 | Snake:1  | Reached skill level 17 in Axes
 32722 | Snake:1  | HP: 7/150 [naga warrior/+0 halberd (6)]
 33314 | Shoals:1 | Entered Level 1 of the Shoals
 34853 | Shoals:1 | Noticed Aizul
 34863 | Shoals:1 | Noticed Donald
 34869 | Shoals:1 | Killed Aizul
 34888 | Shoals:1 | Killed Donald
 36228 | Shoals:3 | Reached skill level 18 in Axes
 36351 | Shoals:3 | Found Toade's General Store.
 36378 | Shoals:3 | Received a gift from Trog
 36425 | Shoals:3 | HP: 7/152 [drowned by a drowned soul[a merfolk avatar]
                  | (12)]
 36426 | Shoals:3 | Drowned by a drowned soul

Levels and vault maps discovered:
D:1:      nzn_arrival_depleted_hourglass, layout_rooms,
          chequers_serial_rivers_room_a
D:2:      layout_basic
D:3:      layout_loops_cross, vehumet_crystals, first_ration
D:4:      layout_cave_pools, serial_shops, shop, minmay_goblin_kobold_house
D:5:      layout_rooms, chequers_temple_overflow_statue_of_worship,
          kennysheep_slug_shrine, serial_bayou, serial_bayou_lake_a,
          serial_bayou_crossing, serial_bayou_lagoon_b, serial_bayou_shore_a,
          lightli_sewer_entry_pipes, st_stairs_7
D:6:      layout_cave_pools, kennysheep_mini_moat,
          gammafunk_ghost_gnarly_gnolls, nemelex_lonely_heart_becter
D:7:      layout_loops_cross, kennysheep_little_box,
          minmay_temple_entry_overgrown, serial_shops, shop_statue, st_stairs_4,
          okawaru_gym_becter
D:8:      layout_basic, lair_entry_dummy
D:9:      layout_basic, basic_altar
D:10:     layout_loops_ring, basic_altar
D:11:     layout_small_grid, hangedman_stone_soup, hangedman_tell_no_tales,
          uniq_sonja
D:12:     layout_loops_ring, orc_david_3, nicolae_ru_path_of_blood
D:13:     erik_rubicon_a, layout_basic, grunt_vaults_entry_tiered, st_stairs_10
D:14:     layout_irregular_city, uniq_louise, uniq_snorg, uniq_nessos
D:15:     hangedman_depths_entry_try_elsewhere_first, layout_gridville,
          nicolae_ashenzari_panopticon
Lair:1:   layout_gridlike, infiniplex_staircase_pool_2, grunt_megastairs_3
Lair:2:   layout_chaotic_city, shoals_dummy_entry,
          hellmonk_ghost_happy_afterlife, lemuel_fruit_tree,
          lemuel_fruit_fields, infiniplex_staircase_pool
Lair:3:   layout_regular_city, ebering_ghost_reflecting_pool,
          lemuel_fruit_fields
Lair:4:   layout_loops_ring, dummy_snake_entry
Lair:5:   layout_regular_city, slime_altar_2
Lair:6:   evilmike_catoblepas_cave, layout_regular_city,
          nicolae_volcano_entry_two_sided, minmay_stone_trees_small,
          wad_woods_road_05
Shoals:1: layout_shoals, nicolae_shoals_flooded_hall, uniq_aizul, uniq_donald
Shoals:2: layout_shoals
Shoals:3: layout_shoals, serial_shops, nicolae_shop_waterfront
Snake:1:  layout_onion_interference, serial_shops, nicolae_shop_stone
Snake:2:  layout_misc_corridors, hangedman_snake_pattern, lemuel_oklob_altar,
          uniq_roxanne, uniq_asterion
Orc:1:    layout_caves, minmay_orc_keep, uniq_josephine
Orc:2:    st_orc_ogre_mass, layout_diamond_mine

Skill      XL: |  1  2  3  4  5  6  7  8  9 10 11 12 13 14 15 16 |
---------------+-------------------------------------------------+-----
Axes           | 4 5 6 7 8 9 11 13 15 16 18 | 18.0
Fighting       | 4 5 6 7 8 9 11 12 13 14 15 16 | 16.4
Armour         | 3 9 12 14 15 16 | 16.9
Shields        | 2 3 5 7 10 12 13 14 15 16 | 16.5
Dodging        | 4 8 10 | 10.0

Action                   |  1- 3 |  4- 6 |  7- 9 | 10-12 | 13-15 | 16-18 || total
-------------------------+-------+-------+-------+-------+-------+-------++-------
Melee: Hand axe          |    91 |   145 |   541 |   412 |       |       ||  1189
       Headbutt          |    14 |    20 |    80 |   198 |   308 |    85 ||   705
       Broad axe         |       |       |       |   497 |  1305 |   408 ||  2210
Throw: Dart              |       |       |       |       |       |     2 ||     2
Invok: Berserk           |       |     2 |     1 |     4 |    11 |     1 ||    19
       Trog's Hand       |       |       |     3 |     5 |     3 |     4 ||    15
       Brothers in Arms  |       |       |       |     7 |     5 |     3 ||    15
  Use: Scroll            |       |    10 |     5 |    15 |    15 |     1 ||    46
       Potion            |       |       |       |     1 |     3 |     4 ||     8
 Stab: Distracted        |       |       |       |     1 |       |     1 ||     2
       Held in net/web   |       |       |       |       |       |     2 ||     2
  Eat: Chunk             |     1 |    10 |    12 |    27 |    47 |     5 ||   102
       Ration            |       |       |     2 |     4 |     4 |     3 ||    13
Armor: Animal skin       |    22 |       |       |       |       |       ||    22
       Scale mail        |       |    39 |    23 |       |       |       ||    62
       Plate armour      |       |       |   147 |   313 |   475 |   125 ||  1060
Dodge: Dodged            |    75 |    70 |   107 |   161 |   493 |   140 ||  1046
Block: Buckler           |       |    26 |    25 |       |       |       ||    51
       Shield            |       |       |   226 |   629 |  1081 |       ||  1936
       Reflection        |       |       |     1 |    11 |    74 |    50 ||   136
       Large shield      |       |       |       |       |   272 |   662 ||   934
